AoeStats
← ToninMarvado

Arabia

510131726Analyzed
1v1 RM · 2d ago on Sep 29, 2026· 22m 2s· 2 players
Game mode
Random Map
Map size
Tiny (2 player)
Population
200
Speed
Normal
Resources
Standard
Victory
Conquest
Starting age
Dark Age
Ending age
Imperial Age
RankedLock teamsTeams togetherTeam positionsShared explorationLock speedFull tech treeHidden civsTurbo modeCheats
Victory
Defeat
🇹🇷 Vietnamese · Türkiye
1240
+15
🇧🇷 Varangians · Brazil
1226
-15
ToninMarvado
5:04 Loom
9:41 Feudal Age
10:28 Double-Bit Axe
10:43 Horse Collar
14:04 Bloodlines
17:28 Forging
aimLess bro
8:58 Loom
11:02 Feudal Age
11:27 Man-at-Arms
11:49 Horse Collar
15:18 Fletching
Connection lost

Rejoining the realm…

Still unreachable

The connection could not be restored.

Session expired

The server has moved on; the page needs a fresh start.